 Dungeon Crawl Stone Soup version 0.31-a0-1008-g5b978dac0e (webtiles) character file.

Game seed: 3212182739346278821

23 Dirtsage the Changeling (level 2, -3/18 HPs)
             Began as an Octopode Shapeshifter on Nov 12, 2023.
             Slain by Sigmund
             ... wielding a +2 scythe of venom
              (8 damage)
             ... on level 2 of the Dungeon.
             The game lasted 00:02:43 (959 turns).

Dirtsage the Changeling (Octopode Shapeshifter)      Turns: 959, Time: 00:02:43

Health: -3/18      AC:  1    Str: 13    XL:     2   Next: 95%
Magic:  2/2        EV: 13    Int: 12    God:
Gold:   104        SH:  0    Dex: 11    Spells: 1/1 levels left

rFire   . .          .
                       - Unarmed
rCold   . . .        (no shield)
rNeg    . . .        (helmet currently unavailable)
rPois   .            (no amulet)
rElec   .            (no ring)
rCorr   .            (no ring)
SInv    .            (no ring)
Will    .....        (no ring)
Stlth   ++           (no ring)
HPRegen 0.23/turn    (no ring)
MPRegen 0.08/turn    (no ring)
                     (no ring)

%: no passive effects
@: lethally poisoned (-3 -> -13), beast-form
A: beast (slay +1), almost no armour, amphibious, 8 rings, camouflage 1,
gelatinous body 1, (nimble swimmer 1), tentacles
a: Begin Untransformation


You were on level 2 of the Dungeon.
You were a hulking beast.
You visited 1 branch of the dungeon, and saw 2 of its levels.

You collected 104 gold pieces.

Inventory:

Talismans
 b - a beast talisman
 c - a flux talisman
 d - a beast talisman
Scrolls
 e - a scroll of enchant weapon {unknown}
 f - 2 scrolls of teleportation {unknown}
 g - a scroll of poison {unknown}
 h - a scroll of identify {unknown}
Potions
 a - a potion of lignification


   Skills:
 + Level 1.5 Fighting
 - Level 2.0 Dodging
 + Level 3.2 Unarmed Combat
 * Level 3.4 Shapeshifting


You had one spell level left.
You didn't know any spells.
Your spell library contained the following spells:

 Spells                   Type           Power      Damage    Failure   Level
 Sublimation of Blood     Necr           0%         N/A       45%         2
 Wereblood                Tmut           0%         N/A       45%         2
 Summon Hydra             Summ           0%         N/A       100%        7


Dungeon Overview and Level Annotations

Branches:
Dungeon (2/15)

Altars:

Annotations:
D:2 Sigmund


Innate Abilities, Weirdness & Mutations

You are a hulking beast.
Your limbs bulge with bestial killing power. (Slay +1)
You cannot wear most types of armour.
You are amphibious.
You can wear up to eight rings at the same time.
Your skin changes colour to match your surroundings (Stealth+).
Your rubbery body absorbs attacks. (AC +1, EV +1)
((You are camouflaged when in or above water. (Stealth+)))
You have tentacles for arms and can constrict up to eight enemies at once.


Message History

You tentacle-slap the jackal.
You kill the jackal!
The jackal bites you.
You take 2 damage, and have 16/18 hp.
You closely miss the jackal. You grab the jackal. You constrict the jackal.
The jackal barely misses you.
You completely miss the jackal. You squeeze the jackal.
You kill the jackal!
No target in view!
HP restored.
There is an open door, spattered with blood here.
You see here a jackal corpse.
h - a scroll labelled NINAECKEIP Health restored: 18 Sigmund the Dreaded comes into view.
He is wielding a +2 scythe of venom.
Sigmund shouts!
You have nothing you can fire or use right now.
An endoplasm comes into view.
Sigmund points at you and mumbles some strange words.
You are confused.
You bump into the rock wall.
Sigmund laughs darkly.
You bump into the rock wall.
You bump into the rock wall.
The endoplasm quivers.
Sigmund casts a spell at you. The magic dart hits you!
Ouch! That really hurt!
You take 9 damage, and have 9/18 hp.
MASSIVE DAMAGE!!
Sigmund hits you from afar with a +2 scythe of venom.
You are lethally poisoned!
You take 2 damage, and have 7/18 hp.
Okay, then.
Okay, then.
You feel less confused.
* * * LOW HITPOINT WARNING * * *
You feel very sick.
Sigmund hits you with a +2 scythe of venom!
You die...
Sigmund begins carving another notch in his scythe.

#......# #.##.#.#
########.##.#.#
#...........#.#
.#.###..##........
#.......#####
#.#.....#
#.#####.##...##
#...J@h.###.##
######### #.# #.#


You could see Sigmund and an endoplasm.

Vanquished Creatures
  2 bats (D:1)
  An endoplasm (D:1)
  2 goblins (D:1)
  2 hobgoblins (D:1)
  4 jackals (D:2)
  2 kobolds (D:1)
  2 quokkas
  2 ball pythons
  A frilled lizard (D:1)
18 creatures vanquished.

Notes
Turn   | Place    | Note
-------+----------+-------------------------------------------
     0 | D:1      | Dirtsage the Octopode Shapeshifter began the quest for the
                  | Orb.
     0 | D:1      | Reached XP level 1. HP: 13/13 MP: 1/1
   615 | D:1      | Reached XP level 2. HP: 18/18 MP: 2/2
   952 | D:2      | Noticed Sigmund
   959 | D:2      | Slain by Sigmund

Illustrated notes

Levels and vault maps discovered:
D:1:      scummos_arrival_star, layout_basic
D:2:      layout_loops_corners, serial_shops, shop, uniq_sigmund

Action                     || total
---------------------------++-------
  Melee: Unarmed           ||    32
         Constrict         ||     9
         Tentacles         ||     7
         Punch             ||     1
   Stab: Sleeping          ||     1
 Armour: Skin              ||    12
  Dodge: Dodged            ||    17

Table legend: (Time is in decaauts)
 A = Elapsed time spent in this place.
 B = Non-inter-level travel time spent in this place.
 C = Inter-level travel time spent in this place.
 D = Time resting spent in this place.
 E = Time spent auto-exploring this place.
 F = Levels seen in this place.
 G = Mean time per level.
                   A        B        C        D        E       F      G
               +--------+--------+--------+--------+--------+-----+--------+
         Total |    956 |    901 |     55 |      0 |    792 |   2 |  478.0 |
       Dungeon |    956 |    901 |     55 |      0 |    792 |   2 |  478.0 |
               +--------+--------+--------+--------+--------+-----+--------+

Top non-repeatable levels by time:
     D:1: 847 daAuts
     D:2: 109 daAuts
